[Event "Susha Chess Blitz Women 2022"]
[Site "Shusha"]
[Date "2022.09.24"]
[Round "4"]
[White "Arabidze, Meri"]
[Black "Mammadova, Gulnar"]
[Result "1-0"]
[ECO "A40"]
[WhiteElo "2422"]
[BlackElo "2382"]
[Annotator "TA"]
[PlyCount "145"]
[EventDate "2022.09.24"]
[EventType "tourn"]
[EventCountry "AZE"]
[SourceTitle "playchess.com"]
[Source "ChessBase"]
[SourceQuality "1"]
[TimeControl "180+2"]

1. d4 g6 2. c4 Bg7 3. Nf3 d6 4. g3 Nd7 5. Bg2 e5 6. O-O Ne7 7. Nc3 O-O 8. h3 {[%emt 0:00:14] A41: 1 d4 d6: Tartakower System and Modern Defence.} exd4 9. Nxd4 Nb6 10. Qd3 {[%emt 0:00:11] White is slightly better.} Nf5 {[%emt 0:00:11] [#]} 11. Nxf5 $146 ({Predecessor:} 11. Nf3 Be6 12. Nd5 c6 13. Bg5 Qd7 14. Nxb6 axb6 15. Qc2 Nd4 16. Nxd4 Bxd4 17. Kh2 {0-1 (30) Kovacs,G (2385)-Jovanovic,Z (2389) Szombathely 2002}) 11... Bxf5 12. e4 Be6 13. b3 Qd7 14. Kh2 f5 15. exf5 Bxf5 16. Qd2 a5 17. Bb2 Rae8 18. Nd5 (18. Rae1 $16) 18... Nxd5 (18... Bxb2 $11 {remains equal.} 19. Qxb2 Nxd5 20. Bxd5+ Be6) 19. Bxg7 $16 (19. Qxd5+ Be6 20. Qd2 Bxb2 21. Qxb2 a4 $11) 19... Kxg7 20. cxd5 Qf7 21. Rac1 ({Don't play} 21. g4 $6 Be4 $11) (21. Qxa5 $16 Be4 22. Rac1 Bxg2 23. Kxg2) 21... b6 $1 $11 22. Qc3+ Kg8 23. Qxc7 Qxc7 24. Rxc7 Bd3 25. Rd1 Be2 (25... Rxf2 $11 26. Kg1 (26. Rxd3 Ree2 $17) 26... Ree2) 26. Re1 Rxf2 27. Rc2 {[%emt 0:00:19] Hoping for Kg1.} Kg7 28. Kg1 Bd3 {[%emt 0:00:03][%csl LRc2,LRe1] White must now prevent ...Rxg2+.} 29. Kxf2 Rf8+ 30. Kg1 ({Better is} 30. Ke3 $16 Bxc2 31. Rc1) 30... Bxc2 $14 {[%emt 0:00:01][%mdl 4096] Endgame KRB-KRB} 31. Rc1 Bd3 32. Rc6 b5 33. Rxd6 a4 (33... b4 $1 $14) 34. bxa4 bxa4 35. a3 (35. g4 $14) 35... Rb8 $11 36. Rd7+ Kf6 37. Rxh7 Rb1+ $1 38. Kf2 {[%emt 0:00:06] And now g4 would win.} Rb2+ $1 39. Kf3 (39. Ke3 $11 Rxg2 40. Kxd3 Rxg3+ 41. Ke4 Rxa3 42. h4) 39... Bc4 $1 $15 {[%emt 0:00:03][%mdl 1024] Black has compensation.} 40. d6 ({White must play} 40. Rd7 $15) 40... Bd5+ $19 {[%emt 0:00:00][%mdl 64] Skewer, Deflection} 41. Ke3 Be6 (41... Rxg2 $2 42. d7 Ke5 43. d8=Q $18) (41... Bxg2 $19 42. d7 Rb8) 42. d7 Rb3+ (42... Bxd7 $142 43. Rxd7 Rxg2) 43. Kd4 Bxd7 44. Rxd7 {[%emt 0:00:01] Strongly threatening Rd6+.} Rxg3 $18 {[%emt 0:00:01] KRB-KR} 45. Bf1 {[%emt 0:00:01] Bd3 is the strong threat.} Rxa3 46. Bd3 (46. Ke4 $18) 46... Ra1 $16 47. Rd6+ Kg5 $2 (47... Ke7 $16 48. Rxg6 a3) 48. Rxg6+ $18 Kh4 49. Rh6+ $2 (49. Ke4 {White wants to mate with Kf4.} Ra2 50. Kf3) 49... Kg5 50. Rh7 (50. Re6 $18 {is more deadly.}) 50... a3 $16 51. h4+ Kg4 52. Be2+ Kf4 $2 (52... Kg3 $16) 53. Ra7 $1 $18 Re1 54. Bd3 $2 (54. Kd3 $1 $18) 54... Ra1 (54... Rh1 $16 {is more resistant.}) 55. h5 {[%emt 0:00:03] Intending h6 and mate.} Kg5 (55... Rh1 $142 56. Bg6 Kg5 57. Ra5+ Kf6 58. Rxa3 Rh2 59. Ra6+ Kg5) 56. Ra5+ Kh6 57. Kc3 (57. Ke3 $142 {White threatens Ra6+ and mate.} a2 58. Be2) 57... Rh1 58. Rxa3 $2 (58. Be2 $18 {and White stays clearly on top.}) 58... Rxh5 59. Ra6+ Kg5 60. Kd4 Rh1 61. Be4 Rc1 62. Ke5 Rc5+ 63. Bd5 Rb5 64. Ra1 Kg4 65. Rg1+ Kh3 66. Ke4 Kh2 67. Rg8 Rb1 $2 {[%emt 0:00:03][%mdl 8192] [#]} (67... Kh3 $16) 68. Kf4 $1 Rb4+ 69. Be4 Rb6 {[%emt 0:00:02] [#]} 70. Rh8+ $2 (70. Rg2+ $1 {mates} Kh3 71. Rd2 Rf6+ 72. Bf5+ Rxf5+ 73. Kxf5 Kg3 74. Ke4 Kg4 75. Rg2+ Kh3 76. Rg5) 70... Kg1 $16 71. Ke3 Rb3+ 72. Kf4 ({White should play} 72. Ke2 $16 Rb2+ 73. Ke3 (73. Ke1 Re2+ 74. Kxe2 $11) 73... Re2+ 74. Kd3) 72... Rh3 $2 {[%emt 0:00:03][%mdl 8192] Prevents Rh1+.} 73. Rxh3 {[%emt 0:00:02] Weighted Error Value: White=0.68/Black=0.37} 1-0

[Event "Susha Chess Blitz Women 2022"]
[Site "Shusha"]
[Date "2022.09.24"]
[Round "4"]
[White "Fataliyeva, Ulviyya"]
[Black "Zawadzka, Jolanta"]
[Result "1-0"]
[ECO "D02"]
[WhiteElo "2408"]
[BlackElo "2401"]
[Annotator "TA"]
[PlyCount "61"]
[EventDate "2022.09.24"]
[EventType "tourn"]
[EventCountry "AZE"]
[SourceTitle "playchess.com"]
[Source "ChessBase"]
[SourceQuality "1"]
[TimeControl "180+2"]

1. d4 d5 2. Nf3 Nf6 3. g3 b5 4. Bg2 e6 5. O-O Be7 6. a4 {[%emt 0:00:10] A46: 1 d4 Nf6 2 Nf3 e6: Torre, London and Colle Systems.} b4 7. c4 bxc3 8. bxc3 {[%emt 0:00:02][%cal Oc3c4] The position is equal.} Ba6 9. Ba3 O-O 10. Ne5 c5 {[%emt 0:00:12] [#]} (10... Nbd7 $2 11. Nc6 Qe8 12. Bxe7 $18) (10... Nfd7 $11) 11. c4 $1 $16 {[%emt 0:00:41] [#] White is more active.} (11. Bxc5 Bxc5 12. dxc5 Qc7 $15) (11. dxc5 Qc7 12. Nd3 Rc8 $11) 11... Qc7 $146 ({Predecessor:} 11... cxd4 12. Qxd4 Bb7 13. Nc3 Bxa3 14. Rxa3 Qe7 15. Rb3 Nc6 16. Nxc6 Bxc6 17. cxd5 exd5 18. Nxd5 Nxd5 19. Bxd5 Bxd5 20. Qxd5 Qxe2 {0-1 (59) Voiteanu,C (2123)-Nutakki,P Chess.com INT 2021}) 12. cxd5 exd5 13. Nc3 Rd8 14. Nb5 Bxb5 15. axb5 cxd4 $2 {[%emt 0:00:03] This costs Black the game.} (15... a6 $16 {was called for.}) 16. Bxe7 $18 ({Don't play} 16. Qxd4 $6 Bxa3 17. Rxa3 Qb7 $18) 16... Qxe7 17. Qxd4 Qb7 18. e4 {[%emt 0:00:11][%cal Be2e4,Be4d5][%mdl 32] exd5 is the strong threat.} Qxb5 19. Rfb1 {[%emt 0:00:10][%mdl 64] [#] Deflection} (19. Rxa7 Rxa7 20. Qxa7 Qe8 $11) 19... Qe8 20. exd5 {[%emt 0:00:01] Threatens to win with d6.} Nbd7 (20... a5 $142 21. Rb7 Nfd7) 21. Nc6 {[%emt 0:00:04] White is clearly winning.} Rdc8 (21... Nf8 $142 22. Nxd8 Rxd8 23. Rxa7 h5) 22. Re1 Qf8 23. Ne7+ Kh8 24. Nxc8 Rxc8 25. Rxa7 {[%emt 0:00:01] Black must now prevent d6.} Qd6 26. Bh3 {[%emt 0:00:04] And now Bxd7 would win.} h6 27. Qa4 Rd8 (27... Nb6 $142 28. Qb5 Rc7) 28. Qc6 Qb4 29. Rea1 ({Not} 29. Bxd7 Qxe1+ 30. Kg2 Qe4+ 31. Kg1 (31. Kh3 $2 Qf3 $19) 31... Rxd7 32. Qc8+ (32. Rxd7 Qe1+ 33. Kg2 Qe4+ 34. Kf1 Qh1+ 35. Ke2 Qe4+ 36. Kf1 Qh1+ 37. Ke2 Qe4+ 38. Kf1 $11) 32... Kh7 33. Rxd7 Qe1+ 34. Kg2 Qe4+ 35. Kf1 Nxd7 36. Qxd7 Qh1+ 37. Ke2 Qe4+ 38. Kd1 Qd3+ 39. Ke1 Qe4+ 40. Kf1 Qh1+ 41. Ke2 Qe4+ 42. Kf1 $11) 29... Ne5 30. Qc7 Rf8 (30... Nf3+ $142 31. Kh1 Rg8) 31. Qxe5 {[%emt 0:00:02] Weighted Error Value: White=0.32/Black=0.40} 1-0

[Event "Susha Chess Blitz Women 2022"]
[Site "Shusha"]
[Date "2022.09.24"]
[Round "5"]
[White "Dzagnidze, Nana"]
[Black "Mammadova, Gulnar"]
[Result "1-0"]
[ECO "A10"]
[WhiteElo "2526"]
[BlackElo "2382"]
[Annotator "TA"]
[PlyCount "75"]
[EventDate "2022.09.24"]
[EventType "tourn"]
[EventCountry "AZE"]
[SourceTitle "playchess.com"]
[Source "ChessBase"]
[SourceQuality "1"]
[TimeControl "180+2"]

1. c4 g6 2. Nc3 Bg7 3. Nf3 d6 4. d4 Nd7 5. g3 e5 6. Bg2 Ne7 7. O-O O-O 8. e3 exd4 9. Nxd4 Nb6 {[%emt 0:00:03] A21: English Opening: 1...e5 2 Nc3.} 10. b3 c5 11. Nde2 d5 $1 {[%emt 0:00:06] White is slightly better.} 12. cxd5 Nexd5 13. Bb2 Be6 {[%emt 0:00:11] [#]} 14. Qb1 $146 ({Predecessor:} 14. Qd2 Nxc3 15. Bxc3 Qxd2 16. Bxd2 Bxa1 17. Rxa1 Bd5 18. e4 Bc6 19. Rc1 Nd7 20. Nc3 {0-1 (69) Kasperski,M (1788)-Choroszej,A (1984) Warsaw 2017}) 14... Nxc3 15. Bxc3 Qe7 16. Bxg7 Kxg7 17. Qb2+ ({White should play} 17. Nf4 $16) 17... Kg8 (17... f6 $14) 18. Nf4 $16 Rad8 19. Nxe6 {[%emt 0:00:03] White is more active.} fxe6 20. Rad1 e5 (20... Nd5 $14) 21. Qc3 h5 (21... Na8 $16 22. f4 Nb6 23. Rxd8 (23. fxe5 Rxf1+ 24. Rxf1 Re8 $16) (23. Qxe5 Qxe5 24. fxe5 Rxf1+ 25. Rxf1 Rd7 $16) 23... Rxd8) 22. h4 Kh7 23. Qc2 Nc8 (23... Rc8 $16 24. Be4 Rf6) 24. Be4 $18 Qf6 (24... Qg7 $142 25. Qxc5 Kh6) 25. Rxd8 (25. Qxc5 Rxd1 26. Rxd1 Qxf2+ 27. Kh1 Rf7 $16) ({Resist} 25. Bxb7 Nd6 $18) 25... Rxd8 26. Bxb7 ({Less strong is} 26. Qxc5 b6 27. Qc7+ Kh6 $18) 26... Nd6 27. Bg2 ({Weaker is} 27. Qxc5 Nxb7 28. Qxa7 Rd7 $15) 27... Rc8 28. Rd1 Rc7 29. Rd5 c4 30. bxc4 Nxc4 31. Qd3 Nb6 (31... Kh6 $142 32. Rd7 Nb2) 32. Rd6 Qf5 {[%emt 0:00:13] [#]} (32... Rc1+ 33. Kh2 Qf5) 33. Be4 {[%emt 0:00:03][%cal Bg2e4,Be4g6,Bg6h5,Bh5d1][%mdl 32] White is clearly winning.} Qh3 34. Bxg6+ Kg7 35. Bxh5 Rc1+ 36. Bd1 {[%emt 0:00:01] [#] Intending Qg6+ and mate.} Qg4 {[%emt 0:00:01] Against Qg6+} 37. Kg2 Rxd1 38. Qxd1 {Weighted Error Value: White=0.20 (precise) /Black=0.42} 1-0

[Event "Susha Chess Blitz Women 2022"]
[Site "Shusha"]
[Date "2022.09.24"]
[Round "5"]
[White "Mammadzada, Gunay"]
[Black "Ozturk Orenli, Kubra"]
[Result "0-1"]
[ECO "C99"]
[WhiteElo "2473"]
[BlackElo "2319"]
[Annotator "TA"]
[PlyCount "92"]
[EventDate "2022.09.24"]
[EventType "tourn"]
[EventCountry "AZE"]
[SourceTitle "playchess.com"]
[Source "ChessBase"]
[SourceQuality "1"]
[TimeControl "180+2"]

1. e4 e5 2. Nf3 Nc6 3. Bb5 a6 4. Ba4 Nf6 5. O-O b5 6. Bb3 Be7 7. Re1 d6 8. c3 O-O 9. h3 Na5 10. Bc2 c5 11. d4 Qc7 12. Nbd2 cxd4 13. cxd4 Bd7 14. Nf1 Nc6 15. Be3 Nb4 {[%emt 0:00:15] C99: Closed Ruy Lopez: Chigorin Defence: 11 d4 Qc7 12 Nbd2 cxd4.} (15... Rac8 $14) 16. Bb1 a5 17. a3 Na6 (17... Nc6 $14) 18. Bd3 {[%emt 0:00:04] [#]} (18. Ba2 $142) 18... exd4 $146 ({Predecessor:} 18... Bd8 19. Ng3 Re8 20. Qe2 Qb7 21. Nh4 g6 22. Qf3 Nc7 23. Bg5 Kg7 24. Bxf6+ Bxf6 {½-½ (55) Michalko,P (1631)-Cajka,T (1830) Slovakia 2007}) 19. Bxd4 b4 (19... Nc5 $16) 20. e5 $18 dxe5 21. Nxe5 (21. Bxe5 $6 Qd8 $16) (21. Rxe5 $6 Bc6 $16) 21... Be6 22. Rc1 Qb7 (22... Nc5 {was called for.} 23. Bb5 bxa3) 23. a4 $2 (23. Nc6 $18) 23... Rac8 $14 {[%emt 0:00:04] [#]} 24. Qe2 (24. Nxf7 $1 $14 Bxf7 25. Bxa6 Qxa6 26. Rxe7) 24... Nc5 $11 25. Bb5 Qd5 (25... Nb3 $1 $11 26. Rxc8 Rxc8) 26. Rcd1 $1 $36 {[%emt 0:00:01][%cal Oe5c6][%mdl 2048] Nc6! is the strong threat. White is in control.} Qb7 {[%emt 0:00:02] Against Nc6} 27. Ng3 Bd5 $2 (27... Rfd8 $14) 28. Nf5 $18 {[%emt 0:00:03] aiming for Ng4.} Bd8 29. Qe3 Bc7 $2 (29... Ne6 30. Nd6 Qc7) 30. Qg3 (30. Nd7 $142 Ne6 31. Nxf6+ gxf6 32. Bxf6) 30... g6 31. Qg5 (31. Ng4 $142 Qb6 32. Nxf6+ Qxf6 33. Bxf6 h6 34. Qh4 h5 35. Qg5 Bd8 36. Nh6+ Kh7 37. Ng4 Kg8 38. Qh6 hxg4 39. Qh8#) 31... Bd8 32. Nd3 (32. Nh6+ $142 Kh8 33. Nexf7+ $1 Qxf7 34. Nxf7+ Bxf7 35. Bxf6+ Bxf6 36. Qxf6+ Kg8 37. Re7) 32... Ne6 {[%emt 0:00:01] [#]} 33. Qh6 $2 ({Better is} 33. Bxf6 $1 $18 h5 (33... Bxf6 34. Qxf6) 34. Rxe6 $1 Bxe6 35. Nc5 $1 ) 33... gxf5 (33... Ne4 $11 34. f3 gxf5 35. fxe4 Nxd4 36. exd5 Nc2) 34. Bxf6 Bxf6 35. Qxf6 Bxg2 36. Re3 {[%emt 0:00:02] White threatens Rg3+ and mate.} ({Weaker is} 36. Rxe6 fxe6 37. Qxe6+ (37. Qg5+ $2 Kh8 $19) 37... Kh8 38. Qe5+ Kg8 $16) 36... Bf3 {[%emt 0:00:01] [#]} 37. Rde1 (37. Ba6 $1 Qd5 38. Bxc8 Rxc8 39. Rde1) 37... Nd4 $2 (37... Bh5) 38. Nf4 Ne6 39. Nxe6 (39. Rxf3 Qxf3 40. Nxe6 fxe6 41. Qxe6+ Kg7 42. Qd7+ Kg8 $16) 39... fxe6 40. Rxe6 (40. Qxe6+ $18 Kh8 41. Qe5+ Qg7+ 42. Qxg7+ Kxg7 43. Rxf3) 40... Qg7+ $2 (40... Rxf6 {mates} 41. Re8+ Kf7 42. Kh2 Rg6 43. R8e5 Rg2+ 44. Kh1 Rxf2+ 45. Kg1 Rxb2 46. Kf1 Bg2+ 47. Kg1 Bxh3 48. Rxf5+ Bxf5 49. Re2 Rg8+ 50. Kf2 Qg2+ 51. Ke3 Qe4+ 52. Kf2 Qf4+ 53. Ke1 Rg1#) 41. Qxg7+ $11 Kxg7 42. Ra6 $2 (42. Bd3 $11 {and White stays safe.}) 42... Kh8 $19 {[%emt 0:00:03] Strongly threatening ...Rg8+.} 43. Kh2 $2 (43. Rxa5 Rg8+ 44. Kf1 Rg7 45. Re8+ Rxe8 46. Bxe8 Bg2+ 47. Ke2 Re7+ 48. Kd2 Rxe8) (43. Kf1 $17) 43... Rg8 {[%emt 0:00:02] ( -> ...Rg2+)} 44. Bf1 {[%emt 0:00:01] Inhibits Rg2+.} (44. Be2 Rg2+ 45. Kh1) 44... Rc2 45. h4 Rxf2+ 46. Kh3 {[%emt 0:00:01] [#]} Rxf1 $1 {[%emt 0:00:01][%mdl 512] What a bad dream for White.  Weighted Error Value: White=1.66/Black=0.91} 0-1

[Event "Susha Chess Blitz Women 2022"]
[Site "Shusha"]
[Date "2022.09.24"]
[Round "5"]
[White "Efroimski, Marsel"]
[Black "Balajayeva, Khanim"]
[Result "1-0"]
[ECO "C48"]
[WhiteElo "2462"]
[BlackElo "2379"]
[Annotator "TA"]
[PlyCount "41"]
[EventDate "2022.09.24"]
[EventType "tourn"]
[EventCountry "AZE"]
[SourceTitle "playchess.com"]
[Source "ChessBase"]
[SourceQuality "1"]
[TimeControl "180+2"]

1. e4 e5 2. Nf3 Nc6 3. Nc3 Nf6 4. Bb5 Nd4 5. Bc4 Nxf3+ 6. gxf3 {[%emt 0:00:02] C48: Four Knights: 4 Bb5, replies other than 4...Bb4.} Bc5 7. f4 ({Better is} 7. Rg1 $11) 7... d6 (7... d5 $15 8. exd5 Bg4) 8. Rg1 {[%emt 0:00:03] The position is equal.} O-O (8... h5 $1 $11 9. Qf3 (9. Rxg7 Bg4 $17) 9... Ng4) 9. d3 $14 {[%emt 0:00:01] [#]} Be6 $146 (9... Kh8 $11 {keeps the balance.}) ({Predecessor:} 9... Kh8 10. Qf3 c6 11. Bb3 a5 12. Bd2 b5 13. a4 Qb6 14. fxe5 dxe5 15. Bg5 Ne8 16. axb5 cxb5 {1-0 (76) Yudin,I (2232)-Vavulin,M (2092) Rybinsk 2010}) 10. Bb3 (10. f5 $16 Bxc4 11. Bh6) 10... Bxb3 11. axb3 Nd7 12. f5 {[%emt 0:00:17] [#] Threatens to win with Qg4.} f6 13. Qh5 {[%emt 0:00:10] White is more active.} Rf7 14. Rg3 Nf8 $2 {[%emt 0:00:04][%mdl 8192] This move loses the game for Black.} (14... c6 $14) 15. Bh6 $18 Qd7 16. Ke2 {[%emt 0:00:16] [#] Nd5 is the strong threat.} g6 $2 (16... c6 17. Rag1 Kh8 18. Bxg7+ Rxg7) 17. Bxf8 $2 (17. Rag1 c6 18. fxg6 Nxg6 19. Rxg6+ Kh8 20. Bg7+ Rxg7 21. Rxg7 Qxg7 22. Rxg7 Kxg7 23. Qg4+ Kh8 24. Qd7) 17... Kxf8 $2 (17... Raxf8 18. fxg6 Rg7 19. gxh7+ Kh8) 18. fxg6 hxg6 19. Qh8+ Ke7 20. Qxa8 (20. Nd5+ $142 Ke6 21. Qh3+ f5 22. Rxg6+ Rf6 23. Rxf6#) 20... Rf8 21. Qxb7 {[%emt 0:00:01] Weighted Error Value: White=0.69/Black=0.80} 1-0

[Event "Susha Chess Blitz Women 2022"]
[Site "Shusha"]
[Date "2022.09.24"]
[Round "5"]
[White "Arabidze, Meri"]
[Black "Zawadzka, Jolanta"]
[Result "1-0"]
[ECO "A06"]
[WhiteElo "2422"]
[BlackElo "2401"]
[Annotator "TA"]
[PlyCount "169"]
[EventDate "2022.09.24"]
[EventType "tourn"]
[EventCountry "AZE"]
[SourceTitle "playchess.com"]
[Source "ChessBase"]
[SourceQuality "1"]
[TimeControl "180+2"]

1. Nf3 d5 2. g3 Nf6 3. Bg2 e6 4. O-O Be7 5. c4 d4 6. e3 {[%emt 0:00:14] A14: English Opening: 1...e6 with b3 by White.} c5 7. exd4 cxd4 8. d3 {[%emt 0:00:08][%cal Ob2b4] The position is equal.} O-O 9. Re1 Nc6 10. a3 a5 $1 {[%emt 0:00:01] Against b4} 11. Ne5 Nxe5 12. Rxe5 Bd6 (12... Nd7 $5 13. Re1 Nc5 $11) 13. Re1 h6 14. Nd2 e5 {[%emt 0:00:04] [#]} 15. Rb1 $146 ({Predecessor:} 15. Ne4 Nxe4 16. Bxe4 Qc7 17. Bd2 Qb6 18. b4 Qd8 19. bxa5 Bc7 20. Qb3 Bxa5 21. Bxa5 Qxa5 {1-0 (43) Rumpl,E (2314)-Froewis,G (2437) Austria 2015}) 15... Rb8 16. Ne4 Nxe4 17. Bxe4 Be6 (17... b5 $11) 18. b4 $14 axb4 19. axb4 b6 20. Bd2 Qd7 21. Bg2 f5 (21... Bf5 $5 ) 22. f4 e4 23. dxe4 {[%emt 0:00:01] With the idea Rc1.} fxe4 24. Bxe4 {[%emt 0:00:17] White wants to play Rc1.} Bxc4 25. Qf3 Be7 26. Bc6 Qd6 27. b5 $36 {[%emt 0:00:01][%mdl 2048] Black must now prevent Qe4. White fights for an advantage.} Bf6 $2 (27... Qf6 $1 $11 {and Black stays safe.}) 28. Bb4 $18 Qd8 29. Bxf8 Kxf8 (29... Qxf8 30. Bd5+ Bxd5 31. Qxd5+ Kh8) 30. Re8+ Qxe8 31. Bxe8 Rxe8 32. Qc6 Be2 33. Qxb6 d3 34. Qd6+ Kg8 35. b6 Rd8 {[%emt 0:00:11] [#]} 36. Qxd8+ $3 Bxd8 37. b7 Bc7 38. b8=Q+ Bxb8 39. Rxb8+ {[%emt 0:00:01][%mdl 4096] Endgame KR-KB} Kf7 40. Kf2 Kf6 41. Ke3 g6 42. Rb6+ Kf5 43. h3 h5 44. Rb5+ (44. Rd6 $142 Bf1 45. g4+ hxg4 46. Rd5+ Ke6 47. Re5+ Kf6 48. hxg4) 44... Kf6 45. Re5 (45. Ra5 $142 Bf1 46. Ra6+ Kg7 47. h4) 45... Bf1 46. Rg5 (46. g4 $142) 46... Bxh3 47. Kxd3 Bf5+ 48. Kd4 Ke6 49. Kc5 Kf6 50. Kd6 Be4 51. Re5 Bf5 (51... Bd3 $18 52. Kd5 Bf1) 52. Re8 $1 {[%emt 0:00:02] White wants to mate with Rf8+.} Kf7 53. Re7+ $2 (53. Rb8 Kg7 54. Ke5 Bh3 55. Rb7+ Kh6 56. Kf6 Bg2 57. Rb8 Kh7 58. Re8) 53... Kf6 54. Re8 $2 (54. Re3) 54... Kf7 $1 55. Re3 (55. Rh8 Kg7 56. Rb8) 55... Kf6 56. Kd5 g5 {[%emt 0:00:01] [#]} 57. Ra3 (57. Rf3 $1 $18) 57... gxf4 $16 58. gxf4 Be6+ 59. Ke4 Bf5+ 60. Kf3 h4 61. Ra6+ Kf7 62. Rh6 h3 63. Kg3 Kg7 64. Ra6 Kf7 65. Rb6 Kg7 66. Rb2 Kg6 67. Kh4 {[%emt 0:00:01] Rb6+ would kill now.} Kh6 $2 (67... Kf6 $16 68. Kg3 Be6) 68. Rd2 Kg6 {[%emt 0:00:01] [#]} 69. Rd6+ $1 Kf7 70. Kg5 Be4 71. Rh6 Bg2 72. f5 Kg7 73. Rh4 Kf7 74. Rh7+ Kg8 75. Kg6 Bf1 76. Rh4 Bg2 77. f6 $2 (77. Rd4 {mates} Kf8 78. f6 Ke8 79. Kg7 Bd5 80. Rxd5 h2 81. f7+ Ke7 82. f8=Q+ Ke6 83. Qf7#) 77... Bd5 $18 78. Rxh3 Be4+ 79. Kg5 {[%emt 0:00:07] Intending Re3 and mate.} Kf7 $2 (79... Bd5 $18 80. Rd3 Ba2) 80. Re3 Bd5 $2 (80... Bc2 $18 81. Re7+ Kf8) 81. Re7+ {[%emt 0:00:02] White mates.} Kf8 82. Kg6 Bc4 83. Rd7 Ke8 84. f7+ Kf8 85. Rd8+ {[%emt 0:00:01] Weighted Error Value: White=0.67/Black=0.59} 1-0

[Event "Susha Chess Blitz Women 2022"]
[Site "Shusha"]
[Date "2022.09.24"]
[Round "5"]
[White "Fataliyeva, Ulviyya"]
[Black "Beydullayeva, Govhar"]
[Result "0-1"]
[ECO "A45"]
[WhiteElo "2408"]
[BlackElo "2346"]
[Annotator "TA"]
[PlyCount "90"]
[EventDate "2022.09.24"]
[EventType "tourn"]
[EventCountry "AZE"]
[SourceTitle "playchess.com"]
[Source "ChessBase"]
[SourceQuality "1"]
[TimeControl "180+2"]

1. d4 Nf6 2. Bg5 d5 3. e3 Nbd7 4. Nf3 e6 5. c4 h6 6. Bh4 {[%emt 0:00:02] D30: Queen's Gambit Declined: Systems without Nc3.} Bb4+ 7. Nbd2 b6 {[%emt 0:00:10] [#]} (7... O-O $11) 8. a3 $146 (8. cxd5 $16 exd5 9. Qa4) ({Predecessor:} 8. cxd5 exd5 9. Bb5 O-O 10. O-O Bd6 11. Bc6 Rb8 12. Qa4 Bb7 13. Rfc1 Bxc6 14. Rxc6 {0-1 (21) Saez Hermosilla,C (2161)-Estay Torreblanca,O (2193) Santiago de Chile 2007}) 8... Be7 $11 9. cxd5 exd5 (9... Nxd5 $14 {feels stronger.} 10. Bg3 O-O) 10. Bb5 $16 O-O 11. O-O Bb7 12. Rc1 c5 13. dxc5 bxc5 14. Nb3 (14. b4 $5 ) 14... Rc8 15. Qe2 (15. Na5 $11 Qxa5 16. Bxd7) 15... Ne4 16. Bxe7 Qxe7 17. Rfd1 f5 (17... Nb6 $5 18. Na5 Ba8 $11) 18. Nfd2 {[%emt 0:00:11] Strongly threatening Nxe4.} Ne5 19. Nxe4 $2 {[%emt 0:00:03] White is on the road to losing.} (19. f4 $11 Nxd2 20. Nxd2) 19... fxe4 $19 20. a4 $2 (20. Rd2) 20... c4 21. Na5 a6 22. Nxb7 Qxb7 23. Bxa6 Qxa6 24. Rxd5 Nd3 25. Rf1 Qxa4 26. Qg4 Qe8 27. Rd7 {[%emt 0:00:14][%csl Gd7][%cal Rg4g7] [#]} Rf7 28. Rxf7 Kxf7 29. f3 (29. Ra1 $142 Rc7 30. Qh5+ Kf8 31. Qd5) 29... exf3 30. Rxf3+ (30. Qxf3+ Kg8 31. b3) 30... Kg8 31. Rg3 Rc7 32. Qd4 Ne5 {[%emt 0:00:10] [#] aiming for ...Rd7.} 33. Qd6 Rc6 (33... Rd7 $142 34. Qa3 Rd1+ 35. Kf2 Qf7+ 36. Rf3 Rd2+ 37. Ke1 Nxf3+ 38. gxf3 Qd5 39. Qa8+ Qxa8 40. Kxd2 Qxf3 41. h3 Qxh3 42. Kc3 Qxe3+ 43. Kb4 g5 44. Kb5 g4 45. Kb4 g3 46. Kb5 g2 47. Kc6 g1=Q 48. Kd7 Qe4 49. Kd6 Qb6+ 50. Kd7 Qee6#) 34. Qd5+ Re6 35. h4 Kh8 36. h5 Nd3 (36... Ra6 $142 {( -> ...Ra1+)} 37. Qd1 Nd3) 37. Qd4 Ne5 (37... Re7 $142 38. Qxc4 Ne5) 38. Qd5 Qd7 (38... Re7 $142 39. Qd4 Qb8) 39. Qa8+ (39. Qxd7 $142 Nxd7 40. Rg4) 39... Qe8 (39... Re8 $142 40. Qe4 Qd1+ 41. Kh2 Qxh5+ 42. Kg1 Rd8) 40. Qd5 $1 Qd7 (40... Ra6 $142 41. Qd1 Qb8) 41. Qa8+ $1 Re8 42. Qa1 Rd8 (42... Qd2 $142 43. Qb1 Qe2) 43. Qa5 Qd1+ {[%emt 0:00:01] Black mates.} 44. Kh2 Qxh5+ 45. Rh3 Ng4+ {[%emt 0:00:02] Weighted Error Value: White=1.03/Black=0.59} 0-1